 Dungeon Crawl Stone Soup version 0.29.1-4-g47bece8355 (webtiles) character file.

Game seed: 13700878461635674489

61 mester the Chiller (level 3, 0/14 HPs)
             Began as a Felid Ice Elementalist on Dec 1, 2022.
             Succumbed to an adder's poison
             ... on level 2 of the Dungeon.
             The game lasted 00:13:57 (3193 turns).

mester the Chiller (Felid Ice Elementalist)         Turns: 3193, Time: 00:13:58

Health: 0/14       AC:  1    Str:  4    XL:     3   Next: 83%
Magic:  4/7        EV: 18    Int: 16    God:
Gold:   31         SH:  0    Dex: 18    Spells: 1/7 levels left
                                        Lives:  0   Deaths: 0

rFire   . . .      SeeInvis +   (weapon unavailable)
rCold   . . .      Faith    .   (shield unavailable)
rNeg    . . .      Spirit   .   (body armour unavailable)
rPois   .          Reflect  .   (helmet unavailable)
rElec   .          Harm     .   (cloak unavailable)
rCorr   .          Rampage  .   (gloves unavailable)
Will    .....                   (boots unavailable)
Stlth   +++.......              (no amulet)
HPRegen 0.04/turn               (no ring)
MPRegen 0.10/turn               (no ring)

@: lethally poisoned (0 -> -4), quick
A: very small, claws 1, fangs 3, see invisible, speed 1, shaggy fur 1, stealthy
paws, no weapons or thrown items, no armour, multi-lived
a: no special abilities


You were on level 2 of the Dungeon.
You visited 1 branch of the dungeon, and saw 2 of its levels.

You collected 31 gold pieces.

Inventory:

Hand Weapons
 c - a +0 short sword of draining
Magical Staves
 g - a staff of air
Jewellery
 f - an amulet of faith
 h - a ring of fire
Scrolls
 j - a scroll of teleportation {unknown}
Potions
 a - a potion of magic
 b - 2 potions of curing {unknown}
 d - a potion of brilliance {unknown}
 e - 3 potions of mutation {unknown}
 i - a potion of attraction {unknown}


   Skills:
 * Level 3.3 Dodging
 * Level 3.2 Stealth
 + Level 0.4 Unarmed Combat
 + Level 2.5 Spellcasting
 + Level 4.2 Ice Magic


You had one spell level left.
You knew the following spells:

 Your Spells              Type           Power      Damage    Failure   Level
a - Freeze                Ice            60%        1d8       3%          1
b - Frozen Ramparts       Ice            30%        1d5       11%         3
c - Call Imp              Summ           2%         N/A       30%         2

Your spell library contained the following spells:

 Spells                   Type           Power      Damage    Failure   Level
 Magic Dart               Conj           8%         1d3       21%         1
 Ozocubu's Armour         Ice            15%        N/A       11%         3
 Blink                    Tloc           4%         N/A       30%         2
 Ignite Poison            Fire/Tmut/Pois 2%         N/A       52%         3
 Lesser Beckoning         Tloc           2%         N/A       52%         3
 Mephitic Cloud           Conj/Pois/Air  2%         N/A       52%         3
 Hailstorm                Conj/Ice       8%         3d4       63%         4
 Freezing Cloud           Conj/Ice/Air   3%         6-21      97%         5
 Manifold Assault         Tloc           2%         N/A       99%         5


Dungeon Overview and Level Annotations

Branches:
Dungeon (2/15)

Altars:


Innate Abilities, Weirdness & Mutations

You have sharp claws.
You have razor-sharp teeth.
You have supernaturally acute eyesight. (SInv)
You cover ground quickly. (Speed+)
You are covered in fur. (AC +1)
Your paws help you pounce on unaware monsters.
You are incapable of wielding weapons or throwing items.
You cannot wear armour.
You gain extra lives every three experience levels.


Message History

Casting: Call Imp (astonishingly dangerous; 30% risk of failure)
Confirm with . or Enter, or press ? or * to list all spells.
Aiming: Freeze (safe; 3% risk of failure)
Press: ? - help, Shift-Dir - straight line, f - adder
Aim: an adder You freeze the adder.
The adder is lightly wounded.
The adder seems to slow down.
The adder closely misses you.
The adder is no longer moving slowly.
The adder bites you.
You scratch the adder. Your bite misses the adder.
The adder is moderately wounded.
The adder bites you. The adder attacks as you move away! The adder bites you.
You are poisoned.
The adder poisons you!
You feel sick.
You scratch the adder. Your bite misses the adder.
The adder is severely wounded.
You feel sick. The adder closely misses you. x2
You scratch the adder.
The adder is almost dead.
You feel sick. The adder completely misses you.
You barely miss the adder.
The adder is almost dead.
You feel sick.
You are no longer poisoned.
The adder bites you.
* * * LOW HITPOINT WARNING * * *
You are lethally poisoned!
The adder poisons you!
Your magical contamination has completely faded away.
Casting: Freeze (safe; 3% risk of failure)
Confirm with . or Enter, or press ? or * to list all spells.
Aiming: Freeze (safe; 3% risk of failure)
Press: ? - help, Shift-Dir - straight line, f/p - adder
Aim: an adder (almost dead)
You freeze the adder.
You kill the adder!
* * * LOW HITPOINT WARNING * * *
You feel sick.
You die...

.....>.........'......
#####....######...##.
#.....#.............
#.....########......
#.....# #......
#.....########......
#...................
.####...............###.
....'..@............
#####...............
#...............
..................
#...#.##..........
##..#.##..........
#.8#.##..........
#..#.########.###


There were no monsters in sight!

Vanquished Creatures
  3 adders (D:2)
  A worm (D:2)
  A dart slug (D:1)
  A ball python (D:2)
  An endoplasm (D:1)
  A giant cockroach (D:2)
  3 goblins (D:1)
  3 hobgoblins
  3 jackals (D:2)
  3 kobolds (D:1)
  A quokka (D:1)
  3 bats
  2 frilled lizards (D:1)
  2 rats (D:1)
28 creatures vanquished.

Notes
Turn   | Place    | Note
-------+----------+-------------------------------------------
     0 | D:1      | mester the Felid Ice Elementalist began the quest for the
                  | Orb.
     0 | D:1      | Reached XP level 1. HP: 7/7 MP: 4/4
   450 | D:1      | Reached XP level 2. HP: 2/10 MP: 1/6
  1070 | D:1      | Reached skill level 4 in Ice Magic
  2071 | D:2      | Reached XP level 3. HP: 8/14 MP: 4/7
  2388 | D:2      | Learned a level 3 spell: Frozen Ramparts
  3156 | D:2      | Learned a level 2 spell: Call Imp
  3193 | D:2      | Succumbed to an adder's poison

Illustrated notes

Levels and vault maps discovered:
D:1:      spicycebolla_arrival_transporter_tutorial, layout_loops_cross,
          feat_on_display
D:2:      layout_basic, minmay_misc_feat_doors, chequers_decorated_corner

Skill      XL: |  1  2  3 |
---------------+----------+-----
Ice Magic      | 4 |  4.2
Dodging        | 3 |  3.3
Stealth        | 3 |  3.2
Unarmed Combat | |  0.4
Spellcasting   | |  2.5

Action                   || total
-------------------------++-------
Melee: Unarmed           ||    51
       Bite              ||     7
 Cast: Freeze            ||    30
       Frozen Ramparts   ||     2
 Stab: Sleeping          ||     4
Armor: Skin              ||     5
Dodge: Dodged            ||    79
